 Dungeon Crawl Stone Soup version 0.20.1-1-g8b1a95d (webtiles) character file.

164 Irenicus the Grave Robber (level 5, 0/42 HPs)
             Began as a Deep Dwarf Necromancer on Nov 5, 2017.
             Slain by a worker ant (4 damage)
             ... on level 4 of the Dungeon.
             The game lasted 00:07:03 (814 turns).

Irenicus the Grave Robber (Deep Dwarf Necromancer)   Turns: 814, Time: 00:07:03

Health: 0/42       AC:  2    Str: 11    XL:     5   Next: 21%
Magic:  0/9        EV: 12    Int: 17    God:
Gold:   55         SH:  0    Dex: 13    Spells: 5/10 levels left

rFire    . . .     SeeInvis .   e - +0 war axe
rCold    . . .     Gourm    .   (no shield)
rNeg     . . .     Faith    .   a - +0 robe
rPois    .         Spirit   .   (no helmet)
rElec    .         Reflect  .   (no cloak)
rCorr    .         Harm     .   (no gloves)
MR       .....                  (no boots)
Stlth    ++........             (no amulet)
Regen    0.0/turn               (no ring)
MPRegen  0.2/turn               (no ring)

@: lethally poisoned (0 -> 0), non-regenerating
A: damage resistance, heal wounds, sense surroundings 1, no regeneration
a: Heal Wounds


You were on level 4 of the Dungeon.
You were very hungry.

You visited 1 branch of the dungeon, and saw 4 of its levels.

You collected 55 gold pieces.

Inventory:

Hand Weapons
 e - a +0 war axe (weapon)
Armour
 a - a +0 robe (worn)
 h - a +0 pair of gloves
Scrolls
 d - 2 scrolls of identify {unknown}
 g - a scroll of blinking {unknown}
Potions
 f - a potion of might {unknown}
Books
 b - a book of Necromancy

   Spells                             Type                      Level
   a - Pain                           Necromancy                   1
   b - Animate Skeleton               Necromancy                   1
   c - Vampiric Draining              Necromancy                   3
   d - Regeneration                   Charms/Necromancy            3
   e - Animate Dead                   Necromancy                   4
   f - Control Undead                 Necromancy                   4
Comestibles
 c - a bread ration


   Skills:
 - Level 2.2 Dodging
 - Level 2.4 Stealth
 + Level 3.0 Spellcasting
 - Level 6.3 Necromancy


You had 5 spell levels left.
You knew the following spells:

 Your Spells              Type           Power        Failure   Level  Hunger
a - Pain                  Necr           ###.         1%          1    None
b - Animate Skeleton      Necr           N/A          1%          1    None
e - Vampiric Draining     Necr           ###.......   3%          3    ###....


Dungeon Overview and Level Annotations

Branches:
Dungeon (4/15)
 Temple: D:4-7

Altars:
Fedhas
Sif Muna

Annotations:
D:2 Jessica, Robin
D:3 Sigmund


Innate Abilities, Weirdness & Mutations

You are resistant to damage.
You can heal yourself by infusing magical energy.
You passively map a small area around you.
You do not regenerate.


Message History

[Y]es or [N]o only, please.
Really attack barehanded?
Okay, then.
Wield which item (- for none, * to show all)? (? for menu, Esc to quit)
e - a +0 war axe (weapon)
The worker ant bites you!
* * * LOW HITPOINT WARNING * * *
You hit the worker ant but do no damage.
The worker ant is almost dead.
The worker ant barely misses you. The worker ant closely misses you.
You hit the worker ant.
The worker ant is almost dead.
The worker ant bites you.
* * * LOW HITPOINT WARNING * * *
You are poisoned.
The worker ant poisons you!
You barely miss the worker ant.
The worker ant is almost dead.
The worker ant closely misses you. The worker ant bites you.
You die...

, , , , * .. , , .., , ,
* * #.## , , , ## #..# ,
# ... *#..# ,.# , *
##..##..##..##. ,
..............., * *
##..##.@# .##.
.......a##..... , , ,
..............., ,, , ,
!.##......##.###. , * *
..##......##.###. ,,
................ ##+###
#............###.
.....###.##.......#.###.#
*
.........................


You could see a worker ant.

Vanquished Creatures
  A howler monkey (D:4)
  Terence (D:3)
  A worker ant (D:4)
  4 gnolls (D:3)
  An ooze (D:4)
  A dart slug (D:3)
  2 giant cockroaches
  7 goblins
  3 hobgoblins
  3 kobolds
  2 quokkas
  A ball python (D:4)
  3 bats
  2 frilled lizards
  A quokka skeleton (D:4)
  2 rats (D:2)
35 creatures vanquished.

Notes
Turn   | Place    | Note
-------+----------+-------------------------------------------
     0 | D:1      | Irenicus the Deep Dwarf Necromancer began the quest for the Orb.
     0 | D:1      | Reached XP level 1. HP: 15/15 MP: 3/3
   116 | D:2      | Found a blossoming altar of Fedhas.
   124 | D:2      | Reached XP level 2. HP: 16/22 MP: 0/4
   154 | D:2      | Noticed Robin
   158 | D:2      | Found a deep blue altar of Sif Muna.
   189 | D:2      | Noticed Jessica
   206 | D:3      | Noticed Sigmund
   249 | D:3      | Reached skill level 5 in Necromancy
   282 | D:3      | Reached XP level 3. HP: 11/28 MP: 0/6
   365 | D:3      | Learned a level 3 spell: Vampiric Draining
   420 | D:3      | HP: 1/28 [hobgoblin/club[Robin] (2)]
   477 | D:3      | Learned a level 1 spell: Animate Skeleton
   515 | D:3      | Noticed Terence
   522 | D:3      | Killed Terence
   522 | D:3      | Reached skill level 6 in Necromancy
   522 | D:3      | Reached XP level 4. HP: 26/36 MP: 0/7
   731 | D:4      | Reached XP level 5. HP: 12/42 MP: 0/9
   814 | D:4      | Slain by a worker ant

Skill      XL: |  1  2  3  4  5 |
---------------+----------------+-----
Spellcasting   | 2 3 |  3.0
Necromancy     | 5 6 |  6.3
Dodging        | |  2.2
Stealth        | |  2.4

Action                   |  1- 3 |  4- 6 || total
-------------------------+-------+-------++-------
Melee: Unarmed           |    48 |    16 ||    64
       War axe           |       |     3 ||     3
 Cast: Pain              |    32 |    15 ||    47
       Vampiric Draining |     2 |     3 ||     5
       Animate Skeleton  |     1 |       ||     1
 Abil: Heal Wounds       |     1 |       ||     1
  Use: Potion            |     2 |     1 ||     3
Armor: Robe              |    13 |     3 ||    16
       Skin              |     6 |       ||     6
Dodge: Dodged            |    43 |    15 ||    58
